 Seeded DCSS version 0.30.1-9-gdf580d7c3d (webtiles) character file.

Game seed: 7229806256980976716 (custom seed)

16 Psyclone the Digger (level 3, 26/26 HPs)
             Began as a Meteoran Earth Elementalist on Oct 16, 2023.
             Quit the game on level 2 of the Dungeon.
             The game lasted 00:01:49 (276 turns).

Psyclone the Digger (Meteoran Earth Elementalist)    Turns: 276, Time: 00:01:49

Health: 26/26      AC:  4    Str: 10    XL:     3   Next: 0%
Magic:  3/8        EV: 12    Int: 18    God:
Gold:   3792       SH:  0    Dex: 14    Spells: 7/8 levels left

rFire   . . .        (no weapon)
rCold   . . .        (no shield)
rNeg    . . .        a - +0 robe
rPois   .            (helmet restricted)
rElec   .            (no cloak)
rCorr   .            (no gloves)
SInv    .            (no boots)
Will    .....        (no amulet)
Stlth   +            (no ring)
HPRegen 0.24/turn    (no ring)
MPRegen 0.11/turn

%: no passive effects
@: glowing
A: sense surroundings 1, otherworldly, glowing, explore regen, horns 1,
iridescent scales 1, evolution 2, MP-powered wands
a: no special abilities


You were on level 2 of the Dungeon.
You visited 1 branch of the dungeon, and saw 2 of its levels.

You collected 3792 gold pieces.

Inventory:

Missiles
 d - a throwing net {!f}
Armour
 a - a +0 robe (worn)
Scrolls
 c - 2 scrolls of amnesia {unknown}
 e - a scroll of identify {unknown}
 f - a scroll of blinking {unknown}
 g - a scroll of enchant armour {unknown}
Potions
 b - a potion of magic
 h - a potion of curing


   Skills:
 - Level 2.4 Dodging
 - Level 1.4 Stealth
 * Level 3.2 Spellcasting
 + Level 1.7 Transmutations
 * Level 4.1 Earth Magic


You had 7 spell levels left.
You knew the following spells:

 Your Spells              Type           Power      Damage    Failure   Level
a - Sandblast             Erth           34%        2d9       3%          1

Your spell library contained the following spells:

 Spells                   Type           Power      Damage    Failure   Level
 Passwall                 Tmut/Erth      10%        N/A       8%          2
 Stone Arrow              Conj/Erth      20%        3d8       21%         3
 Petrify                  Tmut/Erth      13%        N/A       43%         4


Dungeon Overview and Level Annotations

Branches:
Dungeon (2/15) Zot: 917

Altars:


Innate Abilities, Weirdness & Mutations

You passively map a small area around you.
You are easily found by Zot.
You glow in the dark.
You regain HP and MP as you explore.
You have a pair of small horns on your head.
You are partially covered in iridescent scales. (AC +2)
You have great hidden genetic potential.
You expend magic power (3 MP) to strengthen your wands.


Message History

The jackal misses you.
Casting: Sandblast (safe; 3% risk of failure)
Confirm with . or Enter, or press ? or * to list all spells.
Aiming: Sandblast (safe; 3% risk of failure)
Press: ? - help, Shift-Dir - straight line, f/p - jackal
Aim: a jackal (heavily wounded, 77% to hit)
The blast of sand hits the jackal!
You kill the jackal!
You now have 0/7 mp.
You see here a ball python corpse.
Found a scroll labelled DOJANAYNAA.
A giant cockroach comes into view.
Casting: Sandblast (safe; 3% risk of failure)
Confirm with . or Enter, or press ? or * to list all spells.
Aiming: Sandblast (safe; 3% risk of failure)
Press: ? - help, Shift-Dir - straight line, f - giant cockroach
Aim: a giant cockroach (asleep, 100% to hit)
The blast of sand hits the giant cockroach.
You kill the giant cockroach!
You have reached level 3!
Your experience leads to an increase in your attributes!
Increase (S)trength, (I)ntelligence, or (D)exterity?
You feel clever. x2; You feel stronger.
You regained 3 hp, and now have 14/26 hp.
You now have 0/8 mp.
g - a scroll labelled DOJANAYNAA You regained 2 hp, and now have 17/26 hp.
You feel a genetic drift. A pair of horns grows on your head!
There is a stone staircase leading down here.
You climb downwards.
Found 2 black potions.
There is a stone staircase leading up here.
You regained 4 hp, and now have 23/26 hp.
h - 2 black potions It was a potion of curing.
You feel better.
Health restored: 26 Unknown command.
Unknown command.
Are you sure you want to abandon this character and quit the game? (Confirm with "yes".)

, ..... #..
..... , #..
####....., , ,
#...##........
#...#.........,
,
#...#.........
#.............,
, #.....<.# , *
#....@.##, ,
#......#
########* , ,,,
, ** , , , * ,
,, , *


There were no monsters in sight!

Vanquished Creatures
  A ball python (D:1)
  A bat (D:1)
  A giant cockroach (D:1)
  2 hobgoblins (D:1)
  4 jackals (D:1)
  2 quokkas (D:1)
  A frilled lizard (D:1)
  A rat (D:1)
13 creatures vanquished.

Notes
Turn   | Place    | Note
-------+----------+-------------------------------------------
     0 | D:1      | Psyclone the Meteoran Earth Elementalist began the quest
                  | for the Orb.
     0 | D:1      | Reached XP level 1. HP: 14/14 MP: 5/5
    64 | D:1      | Identified 3 scrolls of acquirement
    64 | D:1      | Acquired 1248 gold pieces
    65 | D:1      | Acquired 1275 gold pieces
    88 | D:1      | Acquired 1252 gold pieces
   159 | D:1      | Reached XP level 2. HP: 20/20 MP: 3/6
   193 | D:1      | Gained mutation: You are partially covered in iridescent
                  | scales. (AC +2) [potion of mutation]
   193 | D:1      | Gained mutation: You expend magic power (3 MP) to
                  | strengthen your wands. [potion of mutation]
   193 | D:1      | Gained mutation: You have hidden genetic potential. [potion
                  | of mutation]
   193 | D:1      | Gained mutation: You have great hidden genetic potential.
                  | [potion of mutation]
   220 | D:1      | Reached skill level 4 in Earth Magic
   262 | D:1      | Reached XP level 3. HP: 14/26 MP: 0/8
   270 | D:1      | Gained mutation: You have a pair of small horns on your
                  | head. [hidden potential]
   276 | D:2      | Quit the game

Illustrated notes

Levels and vault maps discovered:
D:1:      spicycebolla_arrival_ecumenical, layout_loops_ring
D:2:      layout_basic

Skill      XL: |  1  2 |
---------------+-------+-----
Spellcasting   | 3 |  3.2
Earth Magic    | 4 |  4.1
Dodging        | |  2.4
Stealth        | |  1.4
Transmutations | |  1.7

Action                     || total
---------------------------++-------
  Melee: Unarmed           ||    18
   Cast: Sandblast         ||    14
    Use: Scroll            ||     3
         Potion            ||     2
 Armour: Robe              ||    22
  Dodge: Dodged            ||    24
